 Dungeon Crawl Stone Soup version 0.31.0-12-g77e489cdc1 (webtiles) character file.

Game seed: 18165949594996220429

11 ChrisAssaf the Chopper (level 2, 17/19 HPs)
             Began as a Tengu Chaos Knight on Mar 5, 2024.
             Was a High Priest of Ignis.
             Quit the game on level 1 of the Dungeon.
             The game lasted 00:00:59 (177 turns).

ChrisAssaf the Chopper (Tengu Chaos Knight)          Turns: 177, Time: 00:00:59

Health: 17/19      AC:  5    Str: 12    XL:     2   Next: 25%
Magic:  3/3        EV: 26    Int: 12    God:    Ignis [*****.]
Gold:   30         SH:  0    Dex: 13    Spells: 1/1 levels left

rFire   + . .        a - +0 hand axe (chaos)
rCold   . . .        (no shield)
rNeg    . . .        b - +2 leather armour
rPois   .            (helmet restricted)
rElec   .            (no cloak)
rCorr   .            (no gloves)
SInv    .            (boots unavailable)
Will    .....        (no amulet)
Stlth   +            (no ring)
HPRegen 0.23/turn    (no ring)
MPRegen 0.08/turn

%: acrobat
@: acrobatic
A: beak, talons 3, acrobatic
a: Renounce Religion, Fiery Armour, Foxfire Swarm, Rising Flame


You were on level 1 of the Dungeon.
You worshipped Ignis.
Ignis was extremely pleased with you.
You visited 1 branch of the dungeon, and saw 1 of its levels.

You collected 30 gold pieces.

Inventory:

Hand Weapons
 a - a +0 hand axe of chaos (weapon)
Armour
 b - a +2 leather armour (worn)
Scrolls
 c - a scroll of butterflies
Potions
 d - a potion of lignification {unknown}
 e - a potion of might


   Skills:
 * Level 3.2 Fighting
 * Level 3.5 Axes
 * Level 2.2 Armour
 * Level 1.1 Dodging
 * Level 0.5 Stealth
 * Level 0.3 Spellcasting


You had one spell level left.
You didn't know any spells.
Your spell library contained the following spells:

 Spells                   Type           Power      Damage    Failure   Level
 Inner Flame              Hex/Fire       0%         N/A       77%         3
 Irradiate                Conj/Alch      0%         3d11      100%        5
 Ignition                 Fire           0%         3d3       100%        8


Dungeon Overview and Level Annotations

Branches:
Dungeon (1/15)

Altars:
Ignis


Innate Abilities, Weirdness & Mutations

You have a beak for a mouth.
You have claws for feet.
You can magically evade attacks while moving or waiting.


Message History

e - a potion of might A frilled lizard and an endoplasm come into view.
Found a faded altar of an unknown god.
The endoplasm quivers.
There is a fountain of clear blue water here.
The frilled lizard bites something.
Found a book of Spontaneous Combustion.
There is a fountain of sparkling water here.
The endoplasm freezes you.
You are frozen.
The endoplasm completely misses you.
There is a faded altar of an unknown god here.
You hit the endoplasm but do no damage. The endoplasm freezes you.
You are frozen.
You hit the endoplasm but do no damage. The endoplasm freezes you.
You are frozen.
You hit the endoplasm. You peck the endoplasm.
The endoplasm is severely wounded.
The endoplasm closely misses you.
You hit the endoplasm. You burn the endoplasm.
You kill the endoplasm!
The frilled lizard closely misses you.
You hit the frilled lizard.
You kill the frilled lizard!
There is a faded altar of an unknown god here.
This altar belongs to (a) Ru, (b) Makhleb or (c) Ignis, but you can't tell which.
Press the corresponding letter to learn more about a god, or press enter to convert or escape to cancel.
Ignis accepts your prayer!
You have lost your religion!
Xom does not appreciate desertion!
Ignis welcomes you!
You enter the shallow water.
Moving in this stuff is going to be slow.
Found 16 gold pieces.
You pick up a book of Spontaneous Combustion and begin reading...
You add the spells Inner Flame, Irradiate and Ignition to your library.
Okay, then.
You now have 30 gold pieces (gained 16).
Are you sure you want to abandon this character and quit the game? (Confirm with "yes".)

####### #.#
......#####.#
...(.......######
##.......#....#
#....†..#PP..#
#...######.P.#
#...#..#_#...#
#...#..#.#~P.#
#.###.P..PP..~#.@#
........P.....#PP#
.........⌠.⌠P.#.P#
.....#P..PPP..#..#
....##.........#..
...#
#..P..PP..#P.# ...
##.#..#...#..# ^..
#.......###.## ##
#..##.....


There were no monsters in sight!

Vanquished Creatures
  A dart slug (D:1)
  A ball python (D:1)
  An endoplasm (D:1)
  A goblin (D:1)
  2 bats (D:1)
  A frilled lizard (D:1)
  2 kobolds (D:1)
9 creatures vanquished.

Notes
Turn   | Place    | Note
-------+----------+-------------------------------------------
     0 | D:1      | ChrisAssaf the Tengu Chaos Knight began the quest for the
                  | Orb.
     0 | D:1      | Reached XP level 1. HP: 14/14 MP: 2/2
   105 | D:1      | Reached XP level 2. HP: 19/19 MP: 3/3
   136 | D:1      | Found a faded altar of an unknown god.
   153 | D:1      | Prayed at the altar of an unknown god.
   153 | D:1      | Fell from the grace of Xom
   153 | D:1      | Became a worshipper of Ignis, the Dying Flame
   177 | D:1      | Quit the game

Illustrated notes

Levels and vault maps discovered:
D:1:      psy_arrival_radial01, layout_loops_ring,
          shapermc_ecumenical_altar_mp_ritualfount

Action                     || total
---------------------------++-------
  Melee: Hand axe          ||    17
         Kick              ||     2
         Peck              ||     2
    Use: Scroll            ||     3
 Armour: Leather armour    ||     4
  Dodge: Dodged            ||    16
